 Dungeon Crawl Stone Soup version 0.23.0 (webtiles) character file.

Game seed: 888372911320819176

13698 lapinsky the Fighter (level 12, -12/202 HPs)
             Began as a Hill Orc Fighter on Feb 18, 2019.
             Splashed by a salamander's acid (16 damage)
             ... on level 2 of the Snake Pit.
             The game lasted 00:50:20 (11131 turns).

lapinsky the Fighter (Hill Orc Fighter)            Turns: 11131, Time: 00:50:21

Health: -12/202    AC: 22    Str: 23    XL:     12   Next: 8%
Magic:  17/17      EV:  2    Int: 13    God:
Gold:   527        SH: 18    Dex: 13    Spells: 17/17 levels left

rFire    . . .     SeeInvis +   y - +2 falchion (elec)
rCold    . . .     Gourm    .   g - +2 large shield
rNeg     + + +     Faith    +   (armour currently unavailable)
rPois    +         Spirit   .   (helmet currently unavailable)
rElec    .         Reflect  .   (cloak currently unavailable)
rCorr    .         Harm     .   (gloves currently unavailable)
MR       .....     NoTele   +   (boots currently unavailable)
Stlth    +.........             N - amulet of faith
HPRegen  0.43/turn              Q - +2 ring of evasion
MPRegen  0.15/turn              q - +5 ring of intelligence

@: tree-form, corroded
A: see invisible, agile 1, robust 2
a: no special abilities


You were on level 2 of the Snake Pit.
You were hungry.
You were a tree.
You visited 3 branches of the dungeon, and saw 13 of its levels.

You collected 527 gold pieces.

Inventory:

Hand Weapons
 r - a +4 club
 y - a +2 falchion of electrocution (weapon)
 K - a +3 flail
Missiles
 J - 2 tomahawks (quivered)
Armour
 g - a +2 large shield (worn)
 s - a +2 helmet (melded)
 w - a +2 plate armour (melded)
 C - a +1 cloak of invisibility (melded)
Magical Staves
 B - an uncursed staff of air
Jewellery
 d - an uncursed amulet of magic regeneration
 m - an uncursed ring of fire
 q - a +5 ring of intelligence (right branch)
 I - an uncursed ring of flight
 N - an amulet of faith (around neck)
 Q - a +2 ring of evasion (left branch)
Wands
 a - a wand of flame (10)
 v - a wand of random effects (15)
 D - a wand of digging (3)
 O - a wand of polymorph (2)
Scrolls
 b - 3 scrolls of enchant weapon
 l - 2 scrolls of remove curse
 n - a scroll of magic mapping {unknown}
 u - a scroll of random uselessness {unknown}
 H - a scroll of fear {unknown}
 L - a scroll of summoning {unknown}
 M - a scroll of noise {unknown}
 P - a scroll of fog
 R - a scroll of amnesia {unknown}
Potions
 e - 4 potions of brilliance
 h - a potion of mutation
 i - a potion of curing
 k - 3 potions of lignification
 o - a potion of magic {unknown}
 p - 2 potions of ambrosia {unknown}
 t - a potion of haste {unknown}
 x - a potion of invisibility {unknown}
 z - 2 potions of berserk rage {unknown}
 A - a potion of resistance {unknown}
 E - a potion of agility
Comestibles
 f - 3 rations


   Skills:
 * Level 12.9 Fighting
   Level 1.1(4.1) Short Blades
 - Level 6.9(7.0) Long Blades
   Level 3.7(6.2) Axes
 - Level 6.5(6.8) Maces & Flails
 * Level 5.5 Throwing
 - Level 5.0 Armour
 * Level 5.0 Dodging
 + Level 0.1 Stealth
 - Level 7.5 Shields
 * Level 3.3 Spellcasting
 - Level 4.2 Evocations


You had 17 spell levels left.
You didn't know any spells.
Your spell library contained the following spells:

 Spells                   Type           Power        Failure   Level  Hunger
 Magic Dart               Conj           #...         91%         1    #......
 Searing Ray              Conj           #.....       97%         2    ##.....
 Dazzling Spray           Conj/Hex       #.....       99%         3    ###....
 Ignite Poison            Fire/Tmut/Pois #.......     99%         3    ###....
 Force Lance              Conj/Tloc      #.......     100%        4    #####..
 Fulminant Prism          Conj/Hex       #.........   100%        4    #####..
 Iskenderun's Mystic Bla  Conj           #.......     100%        4    #####..
 Bolt of Magma            Conj/Fire/Erth #.........   100%        5    ######.
 Fireball                 Conj/Fire      #.........   100%        5    ######.
 Iskenderun's Battlesphe  Conj/Chrm      #.......     100%        5    ######.
 Venom Bolt               Conj/Pois      #.........   100%        5    ######.
 Bolt of Fire             Conj/Fire      #.........   100%        6    #######
 Iron Shot                Conj/Erth      #.........   100%        6    #######
 Orb of Destruction       Conj           #.........   100%        7    #######
 Ring of Flames           Chrm/Fire      #.........   100%        7    #######
 Spellforged Servitor     Conj/Summ      #.........   100%        7    #######
 Ignition                 Fire           #.........   100%        8    #######


Dungeon Overview and Level Annotations

Branches:
Dungeon (8/15)             Temple (0/1) D:7            Lair (3/6) D:8
 Shoals (0/4) Lair:3        Snake (2/4) Lair:3

Altars:
Ashenzari
Dithmenos
Elyvilon
Fedhas
Hepliaklqana
Kikubaaqudgha
Qazlal
Ru
Wu Jian
Zin


Innate Abilities, Weirdness & Mutations

((You are partially covered in thin metallic scales. (AC +2)))
You have supernaturally acute eyesight. (SInv)
You are agile. (Dex +2)
You are very robust. (+20% HP)


Message History

You feel better. You block the salamander's attack.
You feel better.
The salamander zaps a wand.
The bolt of acid hits you.
* * * LOW HITPOINT WARNING * * *
The acid corrodes you!
You are splashed with acid!
* * * LOW HITPOINT WARNING * * *
Aiming: Random Effects
Press: ? - help, Shift-Dir - straight line, f/p - salamander
Aim: a salamander, carrying a wand of acid (4) (severely wounded)
The puff of frost hits the salamander.
The salamander is frozen!
The salamander is almost dead.
The salamander hits you but does no damage.
Unknown command.
Aiming: Random Effects
Press: ? - help, Shift-Dir - straight line, f/p - salamander
Aim: a salamander, carrying a wand of acid (4) (almost dead)
The salamander resists with some effort.
The salamander zaps a wand.
The bolt of acid hits you.
* * * LOW HITPOINT WARNING * * *
You are splashed with acid!
You die...

#.. .##..
.....####
#.....#
#...# #...#
#..(#
#.#####...#
.....>N♣..#
..(..######
.... ###


You could see a salamander.

Vanquished Creatures
  A hydra (Lair:1)
  A death yak (Lair:1)
  Pikel (D:4)
  2 black mambas (Lair:1)
  8 spiny frogs
  2 rime drakes
  2 komodo dragons (Lair:1)
  5 hippogriffs
  3 blink frogs (Lair:1)
  A wyvern (Lair:3)
  A hungry ghost (D:8)
  2 basilisks
  5 water moccasins
  6 nagas (Lair:3)
  A black bear (D:8)
  6 porcupines
  An orc warrior (D:8)
  2 necrophages
  2 ice beasts (D:7)
  A phantom (D:5)
  8 wolves
  3 ogres
  3 centaurs (Lair:3)
  3 big kobolds (D:7)
  4 crocodiles
  6 bullfrogs
  A water moccasin zombie (D:6)
  2 scorpions
  4 killer bees (D:8)
  4 howler monkeys
  7 crimson imps
  2 bullfrog zombies (D:5)
  A jelly (D:6)
  A quasit (D:7)
  Crazy Yiuf (D:6)
  A centaur zombie (D:6)
  2 orc wizards
  3 orc priests
  2 hounds
  3 bullfrog skeletons
  3 worker ants
  2 hound zombies
  Robin (D:2)
  A worker ant zombie (D:8)
  A gnoll (D:1)
  9 adders
  A howler monkey skeleton (D:4)
  2 shadow imps
  2 oozes
  An adder zombie (D:7)
  A worm (D:5)
  4 dart slugs
  22 orcs
  2 ball pythons
  4 bats (D:1)
  2 giant cockroaches
  20 goblins
  9 hobgoblins
  11 jackals
  3 quokkas
  10 frilled lizards
  25 kobolds
  10 rats
  A fungus (Lair:2)
261 creatures vanquished.

Vanquished Creatures (others)
  Ijyb (D:4)
  2 orcs (D:4)
  A jackal (D:4)
  A bush (Lair:2)
  A plant (Lair:1)
6 creatures vanquished.

Grand Total: 267 creatures vanquished

Notes
Turn   | Place    | Note
-------+----------+-------------------------------------------
     0 | D:1      | lapinsky the Hill Orc Fighter began the quest for the Orb.
     0 | D:1      | Reached XP level 1. HP: 19/19 MP: 1/1
    40 | D:1      | Reached XP level 2. HP: 24/27 MP: 2/2
   189 | D:1      | Reached XP level 3. HP: 33/33 MP: 3/3
   199 | D:1      | Reached skill level 4 in Fighting
   506 | D:2      | Reached XP level 4. HP: 40/40 MP: 4/4
   728 | D:2      | Found a blossoming altar of Fedhas.
   749 | D:2      | Found a stormy altar of Qazlal.
   768 | D:2      | Noticed Robin
   776 | D:2      | Killed Robin
  1247 | D:2      | Reached skill level 1 in Short Blades
  1247 | D:2      | Reached XP level 5. HP: 33/46 MP: 5/5
  1858 | D:3      | Found a sacrificial altar of Ru.
  1964 | D:4      | Found a white marble altar of Elyvilon.
  2010 | D:4      | Reached skill level 1 in Maces & Flails
  2145 | D:4      | Reached skill level 5 in Shields
  2145 | D:4      | Reached XP level 6. HP: 42/53 MP: 6/6
  2188 | D:4      | Gained mutation: Armour fits poorly on your strangely
                  | shaped body. [potion of mutation]
  2188 | D:4      | Gained mutation: You are clumsy. (Dex -2) [potion of
                  | mutation]
  2188 | D:4      | Gained mutation: You are partially covered in thin metallic
                  | scales. (AC +2) [potion of mutation]
  2188 | D:4      | Gained mutation: Your mind is acute. (Int +2) [potion of
                  | mutation]
  2189 | D:4      | Lost mutation: You are clumsy. (Dex -2) [potion of
                  | mutation]
  2189 | D:4      | Lost mutation: Your mind is acute. (Int +2) [potion of
                  | mutation]
  2189 | D:4      | Lost mutation: Armour fits poorly on your strangely shaped
                  | body. [potion of mutation]
  2189 | D:4      | Gained mutation: You are agile. (Dex +2) [potion of
                  | mutation]
  2189 | D:4      | Gained mutation: You have supernaturally acute eyesight.
                  | (SInv) [potion of mutation]
  2189 | D:4      | Gained mutation: You are robust. (+10% HP) [potion of
                  | mutation]
  2189 | D:4      | Gained mutation: You are very robust. (+20% HP) [potion of
                  | mutation]
  2213 | D:4      | Noticed a slave
  2214 | D:4      | Noticed a slave
  2214 | D:4      | Noticed Pikel
  2220 | D:4      | Found a glowing silver altar of Zin.
  2223 | D:4      | Noticed a slave
  2223 | D:4      | Noticed a slave
  2239 | D:4      | Killed Pikel
  2239 | D:4      | Reached skill level 5 in Fighting
  2239 | D:4      | Reached XP level 7. HP: 31/73 MP: 7/7
  2373 | D:4      | Reached XP level 8. HP: 65/84 MP: 8/8
  2414 | D:4      | Found a hazy altar of Hepliaklqana.
  2472 | D:4      | Noticed Ijyb
  2500 | D:4      | Killed Ijyb
  2767 | D:5      | Entered Level 5 of the Dungeon
  2858 | D:5      | Reached skill level 6 in Fighting
  3271 | D:5      | Found a shadowy altar of Dithmenos.
  3471 | D:5      | Reached skill level 5 in Maces & Flails
  3471 | D:5      | Reached skill level 5 in Armour
  3714 | D:5      | Reached skill level 1 in Evocations
  4145 | D:6      | Reached skill level 1 in Dodging
  4407 | D:6      | Found an ancient bone altar of Kikubaaqudgha.
  4449 | D:6      | Reached skill level 7 in Fighting
  4449 | D:6      | Reached XP level 9. HP: 93/93 MP: 10/10
  4488 | D:6      | Reached skill level 1 in Long Blades
  4626 | D:6      | Found a runed translucent door.
  4627 | D:6      | Noticed Crazy Yiuf
  4634 | D:6      | Killed Crazy Yiuf
  4852 | D:7      | Found an ornate altar of the Wu Jian Council.
  5089 | D:7      | Found a staircase to the Ecumenical Temple.
  5942 | D:8      | Reached skill level 8 in Fighting
  6205 | D:8      | Found a staircase to the Lair.
  6290 | D:8      | Found a shattered altar of Ashenzari.
  6322 | D:8      | Reached skill level 5 in Long Blades
  6341 | D:8      | Reached XP level 10. HP: 94/105 MP: 12/12
  6536 | Lair:1   | Entered Level 1 of the Lair of Beasts
  6543 | Lair:1   | Noticed a spiny frog
  6566 | Lair:1   | Killed a spiny frog
  6579 | Lair:1   | Reached skill level 9 in Fighting
  6962 | Lair:1   | Reached skill level 1 in Throwing
  6962 | Lair:1   | Reached skill level 1 in Spellcasting
  7124 | Lair:1   | Noticed a spiny frog
  7131 | Lair:1   | Killed a spiny frog
  7146 | Lair:1   | Noticed a spiny frog
  7167 | Lair:1   | Killed a spiny frog
  7182 | Lair:1   | Reached skill level 10 in Fighting
  7354 | Lair:1   | Noticed a spiny frog
  7362 | Lair:1   | Killed a spiny frog
  7448 | Lair:1   | Noticed a spiny frog
  7449 | Lair:1   | Noticed a five-headed hydra
  7465 | Lair:1   | Killed a five-headed hydra
  7465 | Lair:1   | Reached XP level 11. HP: 49/121 MP: 14/14
  7481 | Lair:1   | Reached skill level 11 in Fighting
  7839 | Lair:1   | Noticed a death yak
  8282 | Lair:1   | Killed a death yak
  9130 | Lair:2   | Reached skill level 12 in Fighting
 10080 | Lair:3   | Found a gate leading to a gauntlet.
 10286 | Lair:3   | Noticed a four-headed hydra
 10395 | Lair:3   | Reached skill level 5 in Dodging
 10403 | Lair:3   | Found a staircase to the Shoals.
 10528 | Lair:3   | Reached skill level 5 in Throwing
 10528 | Lair:3   | Reached XP level 12. HP: 113/135 MP: 16/16
 10975 | Lair:3   | Found a staircase to the Snake Pit.
 10982 | Snake:1  | Entered Level 1 of the Snake Pit
 10986 | Snake:1  | Noticed an anaconda
 10986 | Snake:1  | Noticed an anaconda
 10997 | Snake:2  | Noticed a naga sharpshooter
 11126 | Snake:2  | HP: 6/135 [acid (11)]
 11131 | Snake:2  | HP: 4/202 [salamander/wand of acid (4) (6)]
 11131 | Snake:2  | Splashed by a salamander's acid

Skill      XL: |  1  2  3  4  5  6  7  8  9 10 11 |
---------------+----------------------------------+-----
Axes           | 3 |  3.7
Fighting       | 4 5 7 8 10 12 | 12.9
Shields        | 4 5 6 7 |  7.5
Short Blades   | 1 |  1.1
Armour         | 4 5 |  5.0
Maces & Flails | 1 4 5 6 |  6.5
Evocations     | 2 3 4 |  4.2
Dodging        | 1 3 4 5 |  5.0
Long Blades    | 5 6 |  6.9
Throwing       | 2 5 |  5.5
Spellcasting   | 2 3 |  3.3
Stealth        | |  0.1

Action                   |  1- 3 |  4- 6 |  7- 9 | 10-12 || total
-------------------------+-------+-------+-------+-------++-------
Melee: War axe           |    46 |       |       |       ||    46
       Dagger            |    48 |    34 |       |       ||    82
       Club              |       |   194 |   189 |       ||   383
       Falchion          |       |       |   282 |   253 ||   535
       Flail             |       |       |       |   164 ||   164
Throw: Tomahawk          |       |       |       |    31 ||    31
       Javelin           |       |       |       |    68 ||    68
Evoke: Wand              |       |       |     1 |    30 ||    31
  Use: Scroll            |       |     8 |     4 |    11 ||    23
       Potion            |       |     4 |     4 |     8 ||    16
  Eat: Chunk             |       |     1 |     1 |     1 ||     3
       Ration            |       |     1 |     4 |     6 ||    11
Armor: Scale mail        |    59 |   118 |    26 |       ||   203
       Plate armour      |       |       |   189 |   252 ||   441
       Chain mail        |       |       |    14 |       ||    14
       Skin              |       |       |       |     2 ||     2
Dodge: Dodged            |    40 |    43 |    62 |    79 ||   224
Block: Shield            |    65 |    13 |       |       ||    78
       Large shield      |       |   218 |   488 |   544 ||  1250
       Rpst.: Falchion   |       |       |    14 |    15 ||    29
